TOP OF THE 1ST |
Evansville Triplets batting - Pitching for Indianapolis Indians : RHP Mike Cullen
|
Pitching: RHP Mike Cullen
|
|
Batting: LHB Greg Gross
|
0-0: DOUBLE (Line Drive, 9LM, EV 94.4 MPH)
|
Batting: RHB Cory Mihalic
|
0-0: SINGLE (Line Drive, 6MD, EV 102.5 MPH) Greg Gross to third Runner from 3rd tries for Home, SAFE, throw by CF to home
|
Batting: SHB Mickey Tettleton
|
0-0: Called Strike 0-1: Ball 1-1: Swinging Strike 1-2: Strikes out swinging
|
Batting: RHB Ron Kittle
|
0-0: Called Strike 0-1: Swinging Strike 0-2: Ball Cory Mihalic steals 2nd base 1-2: Ball 2-2: Strikes out swinging
|
Batting: RHB Mark M Corey
|
0-0: Called Strike 0-1: Called Strike 0-2: Ball 1-2: Strikes out swinging
|
Top of the 1st over - 1 run, 2 hits, 0 errors, 1 left on base; Evansville 1 - Indianapolis 0 |
BOTTOM OF THE 1ST |
Indianapolis Indians batting - Pitching for Evansville Triplets : RHP Bill Gullickson
|
Pitching: RHP Bill Gullickson
|
|
Batting: SHB Julio Estrada
|
0-0: Ball 1-0: Ground out 5-3 (Groundball, 5, EV 91.9 MPH)
|
Batting: LHB Roberto Ruiz
|
0-0: Swinging Strike 0-1: Ground out 6-3 (Groundball, 6, EV 89.4 MPH)
|
Batting: RHB Luis Gonzalez
|
0-0: Reached on error, E4 (Groundball, 34, EV 103.1 MPH)
|
Batting: LHB Scott Radloff
|
0-0: Ball 1-0: Called Strike 1-1: Ball 2-1: Ball 3-1: Fly out, F7 (Flyball, 7, EV 82.5 MPH)
|
Bottom of the 1st over - 0 runs, 0 hits, 1 error, 1 left on base; Evansville 1 - Indianapolis 0 |
TOP OF THE 2ND |
Evansville Triplets batting - Pitching for Indianapolis Indians : RHP Mike Cullen
|
Batting: RHB Mike Allen
|
0-0: Swinging Strike 0-1: Ball 1-1: Foul Ball, location: 2F 1-2: Ball 2-2: Strikes out looking
|
Batting: RHB Jaden Smith
|
0-0: Ball 1-0: Called Strike 1-1: Ball 2-1: Foul Ball, location: 2F 2-2: Foul Ball, location: 2F 2-2: Strikes out swinging
|
Batting: RHB Ed Jurak
|
0-0: Ball 1-0: Ball 2-0: Foul Ball, location: 2F 2-1: Ball 3-1: Base on Balls
|
Batting: SHB Bobby Thompson
|
0-0: Ball 1-0: Swinging Strike 1-1: Foul Ball, location: 2F 1-2: Ball Ed Jurak steals 2nd base 2-2: Ball 3-2: Foul Ball, location: 2F 3-2: Fly out, F7 (Flyball, 7LS, EV 77.5 MPH)
|
Top of the 2nd over - 0 runs, 0 hits, 0 errors, 1 left on base; Evansville 1 - Indianapolis 0 |
BOTTOM OF THE 2ND |
Indianapolis Indians batting - Pitching for Evansville Triplets : RHP Bill Gullickson
|
Batting: RHB Pat Rooney
|
0-0: Ball 1-0: Foul Ball, location: 2F 1-1: Ball 2-1: Ball 3-1: Fly out, F8 (Flyball, 8RD, EV 80.0 MPH)
|
Batting: RHB Steven Campbell
|
0-0: Ball 1-0: Fly out, F8 (Flyball, 8RS, EV 86.3 MPH)
|
Batting: RHB Bill Lindsey
|
0-0: Called Strike 0-1: Ground out 4-3 (Groundball, 4, EV 83.1 MPH)
|
Bottom of the 2nd over - 0 runs, 0 hits, 0 errors, 0 left on base; Evansville 1 - Indianapolis 0 |
TOP OF THE 3RD |
Evansville Triplets batting - Pitching for Indianapolis Indians : RHP Mike Cullen
|
Batting: LHB Greg Gross
|
0-0: Foul Ball, location: 2F 0-1: Called Strike 0-2: Foul Ball, location: 2F 0-2: Strikes out swinging
|
Batting: RHB Cory Mihalic
|
0-0: Ball 1-0: Called Strike 1-1: Swinging Strike 1-2: Ball 2-2: Strikes out swinging
|
Batting: SHB Mickey Tettleton
|
0-0: Called Strike 0-1: Ball 1-1: Ball 2-1: Swinging Strike 2-2: Ball 3-2: Base on Balls
|
Batting: RHB Ron Kittle
|
0-0: Foul Ball, location: 2F 0-1: Swinging Strike 0-2: Strikes out swinging
|
Top of the 3rd over - 0 runs, 0 hits, 0 errors, 1 left on base; Evansville 1 - Indianapolis 0 |
BOTTOM OF THE 3RD |
Indianapolis Indians batting - Pitching for Evansville Triplets : RHP Bill Gullickson
|
Batting: LHB David Bertulli
|
0-0: Ball 1-0: Ground out U3 (Groundball, 34, EV 80.0 MPH)
|
Batting: RHB Robert Bonnette
|
0-0: Fly out, F9 (Flyball, 9D, EV 93.8 MPH)
|
Batting: SHB Julio Estrada
|
0-0: Ball 1-0: Fly out, F9 (Flyball, 89S, EV 83.8 MPH)
|
Bottom of the 3rd over - 0 runs, 0 hits, 0 errors, 0 left on base; Evansville 1 - Indianapolis 0 |
TOP OF THE 4TH |
Evansville Triplets batting - Pitching for Indianapolis Indians : RHP Mike Cullen
|
Batting: RHB Mark M Corey
|
0-0: Called Strike 0-1: Ball 1-1: Swinging Strike 1-2: Foul Ball, location: 2F 1-2: Ball 2-2: Ball 3-2: Fly out, F9 (Flyball, 9, EV 81.9 MPH)
|
Batting: RHB Mike Allen
|
0-0: Called Strike 0-1: Foul Ball, location: 2F 0-2: Strikes out swinging
|
Batting: RHB Jaden Smith
|
0-0: Ball 1-0: Fly out, F8 (Flyball, 8RD, EV 95.0 MPH)
|
Top of the 4th over - 0 runs, 0 hits, 0 errors, 0 left on base; Evansville 1 - Indianapolis 0 |
BOTTOM OF THE 4TH |
Indianapolis Indians batting - Pitching for Evansville Triplets : RHP Bill Gullickson
|
Batting: LHB Roberto Ruiz
|
0-0: Ground out 6-3 (Groundball, 6, EV 81.9 MPH)
|
Batting: RHB Luis Gonzalez
|
0-0: Foul Ball, location: 2F 0-1: Ball 1-1: Ground out 4-3 (Groundball, 34, EV 100.0 MPH)
|
Batting: LHB Scott Radloff
|
0-0: Ball 1-0: Ball 2-0: Swinging Strike 2-1: Ball 3-1: Called Strike 3-2: Base on Balls
|
Batting: RHB Pat Rooney
|
0-0: Called Strike 0-1: Ball 1-1: 2-RUN HOME RUN (Flyball, 78XD, EV 95.6 MPH), Distance : 411 ft
|
Batting: RHB Steven Campbell
|
0-0: Called Strike 0-1: Ball 1-1: Called Strike 1-2: Fly out, F8 (Flyball, 89XD, EV 98.8 MPH)
|
Bottom of the 4th over - 2 runs, 1 hit, 0 errors, 0 left on base; Evansville 1 - Indianapolis 2 |
TOP OF THE 5TH |
Evansville Triplets batting - Pitching for Indianapolis Indians : RHP Mike Cullen
|
Batting: RHB Ed Jurak
|
0-0: Ball 1-0: Ball 2-0: Foul Ball, location: 2F 2-1: Foul Ball, location: 2F 2-2: Ball 3-2: Foul Ball, location: 2F 3-2: Ground out 2-3 (Groundball, 13S, EV 65.0 MPH)
|
Batting: SHB Bobby Thompson
|
0-0: Called Strike 0-1: Ball 1-1: Foul Ball, location: 2F 1-2: Ball 2-2: Foul Ball, location: 2F 2-2: Ball 3-2: Base on Balls
|
Batting: LHB Greg Gross
|
0-0: Ball Bobby Thompson is caught stealing 2nd base 2-6 1-0: Ball 2-0: Foul Ball, location: 2F 2-1: Ball 3-1: Base on Balls
|
Batting: RHB Cory Mihalic
|
0-0: Called Strike Greg Gross is caught stealing 2nd base 2-4
|
Top of the 5th over - 0 runs, 0 hits, 0 errors, 0 left on base; Evansville 1 - Indianapolis 2 |
BOTTOM OF THE 5TH |
Indianapolis Indians batting - Pitching for Evansville Triplets : RHP Bill Gullickson
|
Batting: RHB Bill Lindsey
|
0-0: Ground out 6-3 (Groundball, 6, EV 81.3 MPH)
|
Batting: LHB David Bertulli
|
0-0: Swinging Strike 0-1: Ball 1-1: Ball 2-1: Ground out U3 (Groundball, 3L, EV 83.1 MPH)
|
Batting: RHB Robert Bonnette
|
0-0: Called Strike 0-1: Called Strike 0-2: Ball 1-2: Ball 2-2: Foul Ball, location: 2F 2-2: Foul Ball, location: 2F 2-2: Fly out, F7 (Flyball, 78S, EV 86.9 MPH)
|
Bottom of the 5th over - 0 runs, 0 hits, 0 errors, 0 left on base; Evansville 1 - Indianapolis 2 |
TOP OF THE 6TH |
Evansville Triplets batting - Pitching for Indianapolis Indians : RHP Mike Cullen
|
Batting: RHB Cory Mihalic
|
0-0: Called Strike 0-1: Ball 1-1: SINGLE (Line Drive, 89S, EV 103.1 MPH)
|
Batting: SHB Mickey Tettleton
|
0-0: Ball 1-0: Ball 2-0: Swinging Strike 2-1: Ball 3-1: Foul Ball, location: 2F 3-2: Base on Balls Cory Mihalic to second
|
Batting: RHB Ron Kittle
|
0-0: Called Strike 0-1: Ball 1-1: Ball 2-1: Fly out, F8 (Flyball, 8LS, EV 85.6 MPH)
|
Batting: RHB Mark M Corey
|
0-0: Ball 1-0: Foul Ball, location: 2F 1-1: Ball 2-1: Ball 3-1: Foul Ball, location: 2F 3-2: Base on Balls Cory Mihalic to third Mickey Tettleton to second
|
Batting: RHB Mike Allen
|
0-0: Fly out, F8 (Flyball, 8LS, EV 88.8 MPH)
|
Batting: RHB Jaden Smith
|
0-0: Ball 1-0: Ball 2-0: Called Strike 2-1: Foul Ball, location: 2F 2-2: Ball 3-2: Foul Ball, location: 2F 3-2: Strikes out swinging
|
Top of the 6th over - 0 runs, 1 hit, 0 errors, 3 left on base; Evansville 1 - Indianapolis 2 |
BOTTOM OF THE 6TH |
Indianapolis Indians batting - Pitching for Evansville Triplets : RHP Bill Gullickson
|
Batting: SHB Julio Estrada
|
0-0: Called Strike 0-1: Fly out, F9 (Flyball, 9S, EV 92.5 MPH)
|
Batting: LHB Roberto Ruiz
|
0-0: Ball 1-0: Ground out 4-3 (Groundball, 34D, EV 106.3 MPH)
|
Batting: RHB Luis Gonzalez
|
0-0: Ball 1-0: Called Strike 1-1: Swinging Strike 1-2: Ball 2-2: Ground out 5-3 (Groundball, 56, EV 100.0 MPH)
|
Bottom of the 6th over - 0 runs, 0 hits, 0 errors, 0 left on base; Evansville 1 - Indianapolis 2 |
TOP OF THE 7TH |
Evansville Triplets batting - Pitching for Indianapolis Indians : RHP Mike Cullen
|
Batting: RHB Ed Jurak
|
0-0: Swinging Strike 0-1: Ball 1-1: Swinging Strike 1-2: Ball 2-2: Strikes out swinging
|
Batting: SHB Bobby Thompson
|
0-0: Ball 1-0: Swinging Strike 1-1: Ball 2-1: Ball 3-1: Base on Balls
|
Batting: LHB Greg Gross
|
0-0: Ball 1-0: Ball Bobby Thompson steals 2nd base (no throw) 2-0: Ball 3-0: Called Strike 3-1: Called Strike 3-2: Base on Balls
|
Batting: RHB Cory Mihalic
|
0-0: Called Strike 0-1: Fielders Choice at 2nd, 5-4 (Groundball, 5, EV 79.4 MPH) Bobby Thompson to third
|
Batting: SHB Mickey Tettleton
|
0-0: Ball 1-0: Foul Ball, location: 2F 1-1: Ball 2-1: Fly out, F9 (Flyball, 9, EV 89.4 MPH)
|
Top of the 7th over - 0 runs, 0 hits, 0 errors, 2 left on base; Evansville 1 - Indianapolis 2 |
BOTTOM OF THE 7TH |
Indianapolis Indians batting - Pitching for Evansville Triplets : RHP Bill Gullickson
|
Batting: LHB Scott Radloff
|
0-0: Called Strike 0-1: Ball 1-1: Foul Ball, location: 2F 1-2: Ball 2-2: Ball 3-2: DOUBLE (Line Drive, 8RXD, EV 112.5 MPH)
|
Batting: RHB Pat Rooney
|
0-0: Fly out, F7 (Flyball, 78M, EV 85.6 MPH)
|
Batting: RHB Steven Campbell
|
0-0: Foul Ball, location: 2F 0-1: SINGLE (Line Drive, 6M, EV 101.3 MPH) Scott Radloff to third Runner from 3rd tries for Home, SAFE, throw by CF to home
|
Batting: RHB Bill Lindsey
|
0-0: Swinging Strike 0-1: Foul Ball, location: 2F 0-2: Fly out, F4 (Popup, 34D, EV 64.4 MPH)
|
Batting: LHB David Bertulli
|
0-0: Fly out, F8 (Flyball, 8LM, EV 93.8 MPH)
|
Bottom of the 7th over - 1 run, 2 hits, 0 errors, 1 left on base; Evansville 1 - Indianapolis 3 |
TOP OF THE 8TH |
Evansville Triplets batting - Pitching for Indianapolis Indians : RHP Mike Cullen
|
Batting: RHB Ron Kittle
|
0-0: Ball 1-0: Ball 2-0: Called Strike 2-1: Ball 3-1: Foul Ball, location: 2F 3-2: Foul Ball, location: 2F 3-2: Base on Balls
|
Pitching: RHP Michael Culbert
|
|
Batting: RHB Mark M Corey
|
0-0: Ball 1-0: Called Strike 1-1: Ball 2-1: Called Strike 2-2: Fly out, F9 (Flyball, 9D, EV 82.5 MPH)
|
Batting: RHB Mike Allen
|
0-0: Foul Ball, location: 2F 0-1: Ball 1-1: Foul Ball, location: 2F 1-2: Fly out, F9 (Flyball, 89XD, EV 104.4 MPH)
|
Batting: RHB Jaden Smith
|
0-0: Ball 1-0: Called Strike 1-1: Foul Ball, location: 2F 1-2: Foul Ball, location: 2F 1-2: Ball 2-2: Fly out, F9 (Flyball, 9LM, EV 81.9 MPH)
|
Top of the 8th over - 0 runs, 0 hits, 0 errors, 1 left on base; Evansville 1 - Indianapolis 3 |
BOTTOM OF THE 8TH |
Indianapolis Indians batting - Pitching for Evansville Triplets : RHP Bill Gullickson
|
Pitching: LHP Randy Niemann
|
|
Batting: RHB Robert Bonnette
|
0-0: Called Strike 0-1: Ball 1-1: Ground out 4-3 (Groundball, 4M, EV 81.3 MPH)
|
Batting: SHB Julio Estrada
|
0-0: Called Strike 0-1: Called Strike 0-2: Foul Ball, location: 2F 0-2: Ground out 4-3 (Groundball, 4, EV 76.9 MPH)
|
Batting: LHB Roberto Ruiz
|
0-0: Called Strike 0-1: Ground out 4-3 (Groundball, 34, EV 83.1 MPH)
|
Bottom of the 8th over - 0 runs, 0 hits, 0 errors, 0 left on base; Evansville 1 - Indianapolis 3 |
TOP OF THE 9TH |
Evansville Triplets batting - Pitching for Indianapolis Indians : RHP Michael Culbert
|
Pitching: LHP Lee Guetterman
|
|
Batting: RHB Ed Jurak
|
0-0: Foul Ball, location: 2F 0-1: Ball 1-1: Ball 2-1: Ball 3-1: Base on Balls
|
Pinch Hitting: RHB Ed Putman
|
0-0: Swinging Strike 0-1: Ball 1-1: Called Strike 1-2: Ball 2-2: Fly out, F7 (Flyball, 7, EV 98.1 MPH)
|
Batting: LHB Greg Gross
|
0-0: Called Strike 0-1: Ball 1-1: Ball 2-1: Foul Ball, location: 2F 2-2: Foul Ball, location: 2F 2-2: Strikes out swinging
|
Batting: RHB Cory Mihalic
|
0-0: Called Strike 0-1: Foul Ball, location: 2F 0-2: Ball 1-2: Foul Ball, location: 2F 1-2: Foul Ball, location: 2F 1-2: SINGLE (Line Drive, 7LM, EV 107.5 MPH) Ed Jurak to second
|
Batting: SHB Mickey Tettleton
|
0-0: Foul Ball, location: 2F 0-1: Called Strike 0-2: Ball 1-2: Ball 2-2: Strikes out swinging
|
Top of the 9th over - 0 runs, 1 hit, 0 errors, 2 left on base; Evansville 1 - Indianapolis 3 |
|